 Dungeon Crawl Stone Soup version 0.28.0-47-ge53b351184 (webtiles) character file.

Game seed: 17333087715859956610

460 Zeld the Chopper (level 6, 0/85 HPs)
             Began as a Minotaur Berserker on Apr 28, 2022.
             Was a Believer of Trog.
             Succumbed to a goblin's poison
             ... on level 3 of the Dungeon.
             The game lasted 00:02:15 (2509 turns).

Zeld the Chopper (Minotaur Berserker)               Turns: 2509, Time: 00:02:16

Health: 0/85       AC: 23    Str: 24    XL:     6   Next: 78%
Magic:  5/5        EV:  2    Int:  4    God:    Trog [**....]
Gold:   153        SH:  0    Dex:  9    Spells: 5/5 levels left

rFire   . . .      SeeInvis .   a - +0 war axe
rCold   . . .      Faith    .   (no shield)
rNeg    . . .      Spirit   .   (armour currently unavailable)
rPois   +          Reflect  .   (helmet currently unavailable)
rElec   .          Harm     .   (cloak currently unavailable)
rCorr   .          Rampage  .   (gloves currently unavailable)
Will    ++...      NoTele   +   (boots currently unavailable)
Stlth   +.........              (no amulet)
HPRegen 1.24/turn               (no ring)
MPRegen 0.09/turn               (no ring)

@: mighty, lethally poisoned (0 -> -1), tree-form, strong-willed (expiring),
regenerating (expiring)
A: stationary, stasis, torment immunity, boosted hp, (horns 2), (retaliatory
headbutt)
a: Renounce Religion, Berserk, Trog's Hand


You were on level 3 of the Dungeon.
You worshipped Trog.
Trog was pleased with you.
You were a tree.
You visited 1 branch of the dungeon, and saw 3 of its levels.

You collected 153 gold pieces.

Inventory:

Hand Weapons
 a - a +0 war axe (weapon)
Armour
 b - a +0 animal skin (melded)
Jewellery
 d - a ring of protection from fire
Wands
 k - a wand of digging (4)
Scrolls
 g - a scroll of blinking {unknown}
 h - a scroll of amnesia {unknown}
 i - a scroll of vulnerability {unknown}
 j - 4 scrolls of teleportation {unknown}
 m - a scroll of brand weapon {unknown}
Potions
 e - a potion of magic


   Skills:
 * Level 6.1 Fighting
 * Level 6.1 Axes
 + Level 4.2 Armour
 + Level 3.7 Dodging


You had 5 spell levels left.
You didn't know any spells.
Your spell library was empty.

Dungeon Overview and Level Annotations

Branches:
Dungeon (3/15)

Altars:
Cheibriados
Ru


Innate Abilities, Weirdness & Mutations

You are a tree.
Your roots penetrate the ground, keeping you stationary.
You cannot be teleported.
You are immune to unholy pain and torment.
Your maximum health is greatly increased.
Your equipment is partially melded.
((You have a pair of horns on your head.))
((You reflexively headbutt those who attack you in melee.))


Message History

The goblin hits you with a +1 dagger of venom.
You are lethally poisoned!
There is a lethal amount of poison in your body!
You completely miss the goblin.
You feel extremely sick. The goblin closely misses you.
You closely miss the goblin.
You feel extremely sick. The goblin closely misses you.
Your skin crawls.
You feel strong-willed.
You feel very sick. The goblin hits you but does no damage.
You are lethally poisoned!
You slash the goblin!
You kill the goblin!
Trog accepts your kill.
* * * LOW HITPOINT WARNING * * *
You feel extremely sick.
Unknown command.
* * * LOW HITPOINT WARNING * * *
You feel very sick.
* * * LOW HITPOINT WARNING * * *
You feel very sick.
* * * LOW HITPOINT WARNING * * *
You feel very sick.
It was a potion of magic.
Magic courses through your body.
You feel the effects of Trog's Hand fading.
* * * LOW HITPOINT WARNING * * *
You feel sick.
It was a potion of lignification.
You turn into a tree.
Your +0 animal skin melds into your body.
Your roots penetrate the ground.
* * * LOW HITPOINT WARNING * * *
You feel sick.
It was a potion of might.
You feel very mighty all of a sudden.
* * * LOW HITPOINT WARNING * * *
You feel sick.
You die...

# ........#... #####
$........... #...#
#...........### #...#
#.............# #...#
#........)..#/## #...#
#..............## #...#
#............_...
#...####..............##
......>.........♣..#.##
................>....#
#...#########....#......
#...#########...........
##+.............#.......
##+.............#.#+##+#
#.............###... .#
#......######## ##..##.#
#....############......#


There were no monsters in sight!

Vanquished Creatures
  Grinder (D:3)
  Sigmund (D:3)
  An adder (D:3)
  3 worms (D:2)
  5 bats
  3 endoplasms
  6 giant cockroaches
  10 goblins
  4 hobgoblins
  11 kobolds
  5 quokkas
  7 ball pythons
  3 frilled lizards
  A rat (D:1)
61 creatures vanquished.

Vanquished Creatures (others)
  3 plants (D:1)
3 creatures vanquished.

Grand Total: 64 creatures vanquished

Notes
Turn   | Place    | Note
-------+----------+-------------------------------------------
     0 | D:1      | Zeld the Minotaur Berserker began the quest for the Orb.
     0 | D:1      | Reached XP level 1. HP: 19/19 MP: 0/0
   171 | D:1      | Reached XP level 2. HP: 19/27 MP: 1/1
   382 | D:3      | Noticed Sigmund
   399 | D:3      | Killed Sigmund
   400 | D:3      | Reached skill level 5 in Fighting
   400 | D:3      | Reached skill level 5 in Axes
   400 | D:3      | Reached XP level 3. HP: 36/36 MP: 2/2
   400 | D:3      | Reached XP level 4. HP: 42/42 MP: 3/3
   400 | D:3      | Reached XP level 5. HP: 48/48 MP: 4/4
   489 | D:1      | Found a faded altar of an unknown god.
   561 | D:1      | Reached ** piety under Trog
  1924 | D:3      | Noticed Grinder
  1929 | D:3      | Paralysed by Grinder for 3 turns
  2043 | D:3      | Found a sacrificial altar of Ru.
  2240 | D:3      | Killed Grinder
  2241 | D:3      | Reached XP level 6. HP: 57/57 MP: 5/5
  2490 | D:3      | Found a snail-covered altar of Cheibriados.
  2505 | D:3      | HP: 2/57 [poisoned by a goblin]
  2509 | D:3      | Succumbed to a goblin's poison

Illustrated notes

Levels and vault maps discovered:
D:1:      minmay_arrival_radiant_lines, layout_loops_corners,
          chequers_ecumenical_altar_lobes, nrook_uturn
D:2:      layout_rooms
D:3:      layout_basic, cheibriados_altar_1, nicolae_ru_path_of_blood,
          uniq_grinder, uniq_sigmund, uniq_ijyb

Skill      XL: |  1  2  3  4  5 |
---------------+----------------+-----
Axes           | 5 6 |  6.1
Fighting       | 5 6 |  6.1
Armour         | 3 4 |  4.2
Dodging        | 3 |  3.7

Action                   |  1- 3 |  4- 6 || total
-------------------------+-------+-------++-------
Melee: Hand axe          |    47 |    74 ||   121
       Headbutt          |    11 |     9 ||    20
       Punch             |     1 |     2 ||     3
       War axe           |       |    20 ||    20
Invok: Berserk           |     1 |     2 ||     3
       Trog's Hand       |       |     1 ||     1
  Use: Potion            |       |     3 ||     3
Armor: Animal skin       |    10 |    21 ||    31
Dodge: Dodged            |    35 |    53 ||    88
